Map: Pillars of Gold LE

Players

INnoVation

  • Race: Terran Terran
  • League: Grandmaster
  • Spawn Location: 1:00

AfreecaDRG (DRG) - Winner!

  • Race: Zerg Zerg
  • League: Grandmaster
  • Spawn Location: 7:00

Event: ASUS ROG Online 2020

VOD

Have the link to the VOD?

Description

Time

  • Played on: Nov. 28, 2020, 3:53 p.m.
  • Length: 17:08

All games in this series

Show
View Real Time Build Order
Export as new Build Order

INnoVation Terran 

Build Orders: Reaper Expand 

Get SALT Encoding   

  12  0:00  SCV  
  13  0:12  SCV  
  14  0:17  Supply Depot  
  14  0:24  SCV  
  15  0:39  SCV  
  15  0:40  Barracks  
  16  0:45  Refinery  
  16  0:51  SCV  
  17  1:03  SCV  
  18  1:15  SCV  
  19  1:27  Orbital Command  
  19  1:28  Reaper  
  20  1:42  Command Center  
  20  1:52  Supply Depot  
  20  1:54  SCV  
  21  1:59  Marine  
  22  2:06  SCV  
  23  2:16  Factory  
  23  2:18  SCV  
  23  2:22  Barracks Reactor  
  24  2:30  SCV  
  25  2:43  SCV  
  26  2:45  Command Center  
  26  2:54  Orbital Command  
  26  2:56  SCV  
  27  3:06  Hellion x2  
  27  3:08  Barracks Tech Lab  
  27  3:11  SCV  
  32  3:21  SCV  
  32  3:23  SCV  
  34  3:27  Hellion x2, Stimpack  
  34  3:29  Marine  
  39  3:34  SCV  
  39  3:35  SCV  
  41  3:46  SCV  
  41  3:47  SCV, Marine  
  44  3:51  Barracks  
  44  3:54  Factory Reactor  
  44  3:56  Orbital Command  
  44  3:57  Barracks  
  44  3:59  SCV x2  
  46  4:07  Refinery  
  46  4:11  SCV x2  
  46  4:12  Supply Depot  
  48  4:17  Engineering Bay  
  48  4:19  Engineering Bay  
  48  4:22  Marine  
  48  4:23  SCV x2  
  51  4:24  SCV  
  51  4:30  Refinery x2  
  52  4:35  SCV  
  52  4:36  SCV x2  
  52  4:37  Supply Depot  
  55  4:41  Starport  
  55  4:43  Marine  
  55  4:44  Factory Reactor  
  56  4:46  Marine x2  
  56  4:48  Orbital Command  
  56  4:49  SCV x2  
  60  4:53  Terran Infantry Weapons Level 1  
  60  4:59  Marine  
  59  5:00  Supply Depot, Marine  
  59  5:01  SCV x2, Marine  
  59  5:03  Marine  
  65  5:08  Terran Infantry Armor Level 1  
  65  5:10  Marine  
  65  5:13  SCV x3  
  69  5:15  Supply Depot  
  69  5:17  Marine x2  
  69  5:19  Marine  
  72  5:21  Marine  
  72  5:22  Combat Shield  
  72  5:26  SCV x3  
  72  5:27  Factory Reactor  
  72  5:28  Marine  
  77  5:33  Supply Depot  
  77  5:34  Medivac  
  77  5:35  Marine x2  
  79  5:38  SCV x2  
  79  5:39  SCV  
  79  5:41  Barracks  
  84  5:44  Barracks  
  84  5:45  Medivac  
  86  5:50  Supply Depot, SCV x2  
  86  5:51  SCV, Marine  
  86  5:52  Marine  
  86  5:56  Marine x2  
  93  5:57  Marine  
  93  6:02  SCV x2  
  93  6:03  SCV  
  97  6:04  Armory  
  97  6:09  Refinery x2  
  97  6:14  Factory  
  97  6:15  SCV x2  
  97  6:16  Supply Depot, SCV  
  100  6:21  Supply Depot, Marine x5  
  100  6:24  Widow Mine x2  
  109  6:30  Barracks Reactor  
  109  6:37  Medivac  
  109  6:38  SCV x3  
  109  6:39  Medivac  
  115  6:40  Supply Depot, Marine x2  
  115  6:41  Barracks Reactor  
  115  6:42  Marine x3  
  120  6:48  Supply Depot  
  120  6:50  Widow Mine, SCV x3  
  125  6:57  Terran Infantry Weapons Level 2  
  125  7:01  Factory Tech Lab  
  125  7:02  Widow Mine  
  125  7:03  Supply Depot  
  125  7:04  Marine x4  
  131  7:12  Supply Depot  
  131  7:13  Medivac  
  133  7:16  Terran Infantry Armor Level 2  
  133  7:18  Marine  
  133  7:19  Marine x4  
  133  7:21  Widow Mine  
  133  7:22  Marine  
  141  7:25  Widow Mine  
  141  7:27  Medivac  
  145  7:39  Supply Depot  
  145  7:40  Supply Depot, Command Center  
  145  7:45  Medivac  
  145  7:46  Widow Mine  
  145  7:47  Widow Mine x2  
  147  7:51  Marine x8  
  147  7:57  Medivac  
  146  8:04  Barracks  
  146  8:05  Barracks, SCV x3  
  149  8:07  Barracks  
  149  8:09  Widow Mine x2  
  147  8:17  Widow Mine  
  147  8:18  SCV x3  
  152  8:22  Medivac  
  152  8:27  Medivac  
  152  8:30  Widow Mine x2  
  152  8:32  SCV x3  
  161  8:35  Marine  
  161  8:36  Marauder, Marine x6  
  170  8:44  Missile Turret  
  151  8:58  Missile Turret, SCV x3  
  151  9:01  Barracks Tech Lab x3  
  152  9:04  Thor  
  152  9:05  Widow Mine x2  
  152  9:06  Medivac x2  
  150  9:17  SCV x3  
  150  9:20  Marauder x2  
  150  9:21  Marauder x2  
  150  9:22  Planetary Fortress  
  158  9:26  Widow Mine x2  
  158  9:27  Missile Turret  
  158  9:28  Marine x4  
  158  9:29  Marine  
  167  9:36  Terran Infantry Weapons Level 3  
  167  9:39  Marine x3  
  167  9:41  Marauder, Marine  
  167  9:42  Marauder  
  167  9:45  Terran Infantry Armor Level 3  
  175  9:55  Supply Depot x3  
  175  9:56  Supply Depot x2  
  175  10:02  Command Center  
  175  10:16  Thor, Medivac x2  
  175  10:17  Widow Mine x2  
  188  10:23  Marauder x2  
  188  10:24  Marauder  
  188  10:25  Command Center  
  189  10:29  Marine x7  
  196  10:38  Command Center, Widow Mine  
  196  10:39  Widow Mine  
  192  10:46  SCV x4  
  196  10:55  Marauder x3, Marine x6  
  196  10:56  Marine x3  
  187  11:01  Medivac  
  187  11:02  Medivac, Widow Mine  
  187  11:03  Widow Mine  
  191  11:04  Factory Tech Lab  
  191  11:13  Marine x9  
  173  11:20  Marauder x3  
  175  11:27  Thor  
  175  11:31  Marine x7  
  188  11:34  Marine x2  
  188  11:35  Widow Mine x2  
  188  11:36  Concussive Shells  
  194  11:41  SCV, Marine x2  
  194  11:42  Marauder, SCV  
  194  11:45  Missile Turret  
  198  11:50  Medivac  
  199  11:55  SCV  
  200  12:03  Marauder  
  200  12:04  Marauder  
  200  12:06  Marauder  
  200  12:11  Planetary Fortress  
  200  12:22  Medivac x2  
  191  12:23  Thor  
  191  12:24  Marauder, Widow Mine  
  191  12:25  Marauder, Marine x2  
  191  12:28  Marine x4  
  197  12:43  Marauder x2  
  179  12:46  Marauder x2  
  179  12:48  Marine x8  
  179  12:51  Widow Mine x2  
  160  12:53  SCV x2  
  160  12:56  Medivac x2  
  154  12:59  SCV x2  
  154  13:04  Marine x2  
  159  13:05  SCV x2  
  159  13:06  Thor, Marine x5  
  159  13:08  Marauder, Marine  
  159  13:09  Marine x3  
  177  13:20  Missile Turret  
  177  13:21  Widow Mine x2  
  177  13:22  Marine x2  
  177  13:23  Marine  
  177  13:24  Marine x4  
  177  13:26  Medivac x2, Marine  
  177  13:27  Missile Turret, Marine x3  
  193  13:28  Missile Turret  
  193  13:29  Marine  
  192  13:40  Marine x2  
  194  13:41  Marine  
  194  13:42  Marine x4  
  194  13:44  Marine  
  198  14:01  Marauder x2, Marine  
  198  14:02  Marauder  
  168  14:10  Thor, Medivac x2  
  168  14:11  Widow Mine x2  
  168  14:12  Marauder, Marine  
  168  14:13  Marine x6  
  168  14:14  SCV x2  
  193  14:18  Refinery  
  193  14:19  Refinery, Marine  
  193  14:22  Marine  
  193  14:23  Marauder x2  
  191  14:32  Marine x7  
  191  14:33  Marauder  
  179  14:40  Widow Mine x2  
  179  14:41  Marauder  
  179  14:44  Marauder  
  186  14:49  Marauder  
  186  14:51  Medivac x2, Marine x8  
  194  14:53  Widow Mine  
  194  14:54  Marauder  
  196  15:01  Command Center, SCV x2, Refinery x2  
  196  15:02  Marauder, Widow Mine x2  
  200  15:11  Marauder x2  
  200  15:12  Marine x6  
  200  15:13  Marine  
  195  15:15  Widow Mine  
  195  15:16  Marauder  
  195  15:21  Medivac x2  
  182  15:24  Marauder  
  170  15:30  Widow Mine x2  
  170  15:32  Marauder x2  
  170  15:34  Ghost Academy  
  178  15:36  Widow Mine  
  178  15:37  Marauder, Marine x2  
  178  15:38  Marine x6  
  188  15:45  Marauder  
  190  15:53  Marine x2  
  190  15:55  Marine  
  186  15:59  Marauder  
  153  16:05  Medivac x2  
  153  16:06  Marauder  
  153  16:10  Widow Mine x3  
  157  16:11  Marauder x2  
  125  16:20  Marauder  
  103  16:27  Marine x3  
  103  16:28  Marauder, Marine x3  
  103  16:31  Widow Mine  
  103  16:32  Marauder, Widow Mine  
  109  16:33  Marauder  
  109  16:34  SCV x2  
  109  16:35  Medivac x2  
  105  16:40  Marine x2  
  105  16:41  Marauder  
  105  16:45  Marine x3  
Show
View Real Time Build Order
Export as new Build Order

AfreecaDRG Zerg - Winner!

Build Orders: Hatch First, Muta Ling Bane 

Get SALT Encoding   

  12  0:00  Drone  
  13  0:12  Overlord  
  13  0:17  Drone  
  14  0:31  Drone x2  
  16  0:50  Hatchery  
  16  0:52  Drone  
  16  0:56  Drone  
  17  1:01  Drone  
  18  1:15  Spawning Pool  
  18  1:18  Extractor  
  16  1:19  Drone  
  16  1:23  Drone  
  18  1:28  Drone  
  19  1:39  Drone  
  20  1:50  Drone  
  21  2:01  Queen x2  
  21  2:02  Zergling x4  
  27  2:12  Overlord  
  27  2:13  Drone  
  28  2:26  Hatchery  
  28  2:29  Extractor  
  26  2:30  Drone  
  26  2:33  Extractor  
  26  2:36  Drone  
  26  2:37  Drone  
  30  2:38  Drone  
  31  2:45  Queen  
  31  2:51  Overlord  
  33  2:53  Drone  
  33  2:56  Drone  
  35  2:59  Drone  
  35  3:02  Metabolic Boost  
  36  3:08  Overlord  
  36  3:11  Drone  
  36  3:12  Drone  
  38  3:14  Drone  
  38  3:16  Drone  
  38  3:18  Drone  
  41  3:20  Drone  
  41  3:25  Queen  
  44  3:28  Drone  
  44  3:30  Drone  
  46  3:38  Queen  
  46  3:39  Drone x2  
  50  3:42  Drone  
  50  3:47  Overlord  
  50  3:48  Drone x2  
  53  3:53  Drone x3  
  56  3:57  Drone x2  
  56  4:00  Overlord  
  58  4:05  Queen  
  60  4:11  Zergling x6  
  60  4:12  Drone  
  60  4:16  Queen  
  66  4:18  Drone  
  66  4:19  Drone  
  66  4:22  Drone  
  66  4:23  Drone  
  70  4:24  Drone x2  
  70  4:26  Drone  
  73  4:32  Overlord  
  73  4:35  Extractor, Evolution Chamber  
  73  4:36  Drone, Evolution Chamber  
  73  4:38  Drone  
  72  4:40  Drone x2  
  72  4:42  Overlord  
  72  4:44  Overlord  
  74  4:51  Drone x3  
  74  4:52  Overlord  
  77  4:55  Drone x2  
  77  4:58  Overlord  
  78  5:01  Zerg Melee Weapons Level 1  
  78  5:02  Zerg Ground Armor Level 1  
  78  5:04  Drone  
  78  5:05  Drone x3  
  82  5:14  Drone x3  
  82  5:19  Lair  
  82  5:20  Hatchery  
  84  5:21  Extractor x2, Baneling Nest  
  84  5:24  Drone x3  
  84  5:27  Zergling x4  
  86  5:33  Zergling x8  
  86  5:35  Spore Crawler  
  89  5:36  Overlord  
  89  5:42  Drone x4  
  93  5:43  Zergling x2  
  93  5:44  Extractor  
  93  5:47  Overlord  
  93  5:49  Zergling x8  
  97  5:51  Extractor  
  97  5:55  Zergling x2  
  97  5:59  Zergling x4  
  99  6:06  Drone  
  99  6:08  Zergling x4  
  99  6:09  Zergling x4  
  99  6:11  Zergling x6  
  107  6:13  Baneling x2  
  107  6:15  Zergling x2  
  108  6:19  Zergling x2  
  108  6:20  Zergling x2, Baneling x2  
  108  6:24  Centrifical Hooks  
  108  6:25  Zergling x6  
  113  6:27  Spire  
  113  6:29  Zergling x2  
  113  6:34  Queen  
  113  6:35  Drone x2  
  113  6:36  Drone  
  113  6:39  Drone x6  
  124  6:46  Baneling x4  
  124  6:47  Drone  
  124  6:48  Drone  
  124  6:49  Overlord x2, Extractor  
  124  6:54  Zergling x10  
  129  6:58  Zerg Melee Weapons Level 2, Zerg Ground Armor Level 2  
  129  7:00  Zergling x2  
  129  7:01  Zergling x2  
  132  7:04  Zergling x6  
  132  7:05  Overlord  
  134  7:09  Overlord x2  
  134  7:15  Zergling x4  
  136  7:19  Overlord  
  136  7:23  Baneling x6  
  136  7:25  Zergling x10  
  140  7:31  Zergling x12  
  140  7:35  Hatchery  
  145  7:38  Zergling x14  
  145  7:43  Zergling x2  
  144  7:52  Overseer  
  144  7:54  Drone  
  144  7:55  Drone x3  
  144  7:57  Extractor  
  144  7:58  Zerg Flyer Weapons Level 1  
  144  7:59  Mutalisk x6  
  157  8:06  Overlord  
  157  8:07  Overlord  
  157  8:08  Mutalisk x2, Pneumatized Carapace  
  161  8:15  Mutalisk x4  
  161  8:17  Baneling x3  
  169  8:26  Mutalisk  
  169  8:27  Mutalisk  
  165  8:33  Zergling x24  
  168  8:38  Baneling x9  
  164  8:42  Zergling x10  
  166  8:52  Zergling x10  
  166  8:54  Baneling x3  
  159  8:59  Mutalisk x3  
  159  9:01  Zergling x12  
  170  9:06  Baneling x5  
  169  9:14  Zergling x22  
  169  9:16  Mutalisk  
  167  9:19  Zergling x2  
  167  9:20  Zergling x2  
  165  9:24  Baneling x7  
  165  9:25  Infestation Pit  
  165  9:26  Drone x4  
  165  9:30  Baneling x4  
  168  9:32  Drone x4  
  168  9:36  Drone  
  168  9:37  Extractor  
  172  9:38  Overseer  
  172  9:41  Baneling x7  
  172  9:43  Zergling x8  
  176  9:47  Zergling x10  
  176  9:52  Zergling x10  
  186  9:55  Zergling x6  
  189  10:00  Zerg Flyer Weapons Level 2  
  189  10:02  Overlord x2  
  189  10:08  Hive  
  189  10:14  Overlord x2  
  189  10:16  Overlord  
  189  10:21  Zergling x10  
  194  10:30  Overlord x2  
  194  10:33  Baneling  
  194  10:34  Baneling x5  
  194  10:35  Zergling x10  
  199  10:41  Hatchery  
  193  10:43  Baneling x11  
  187  10:53  Mutalisk x6  
  186  11:00  Zergling x24  
  198  11:06  Drone x2  
  198  11:09  Baneling x12  
  200  11:18  Mutalisk x4  
  180  11:32  Adrenal Glands  
  180  11:33  Zergling x14  
  180  11:39  Ultralisk Cavern  
  186  11:50  Zerg Melee Weapons Level 3  
  186  11:52  Hatchery  
  186  11:53  Zergling x14  
  192  12:00  Baneling  
  192  12:04  Zergling x4  
  192  12:05  Zergling x14  
  197  12:13  Baneling x7  
  197  12:14  Zergling x8  
  197  12:15  Zergling x2  
  194  12:25  Zergling x14  
  194  12:26  Overseer  
  194  12:28  Chitinous Plating  
  194  12:29  Zerg Ground Armor Level 3  
  200  12:31  Baneling x3  
  194  12:42  Zergling x30  
  160  12:53  Mutalisk x4  
  160  12:57  Zergling x4  
  168  13:02  Ultralisk, Extractor  
  170  13:06  Drone x3, Baneling x3  
  170  13:08  Extractor  
  171  13:13  Zergling x18  
  171  13:17  Baneling x9  
  171  13:19  Drone x2  
  182  13:22  Queen  
  182  13:25  Overseer  
  184  13:31  Ultralisk  
  190  13:35  Baneling x5  
  190  13:40  Baneling x4  
  190  13:44  Baneling x5  
  190  13:47  Zergling x12, Anabolic Synthesis  
  161  14:07  Zergling x38  
  151  14:10  Ultralisk x2  
  151  14:15  Zergling x12  
  168  14:17  Mutalisk  
  168  14:20  Mutalisk  
  167  14:29  Zergling x10  
  167  14:31  Baneling x6  
  170  14:37  Hatchery  
  170  14:38  Zergling x14  
  160  14:43  Baneling x6  
  157  14:48  Ultralisk  
  157  14:51  Zergling x10  
  165  14:58  Mutalisk x4  
  173  15:03  Overseer  
  173  15:05  Baneling x10  
  159  15:14  Zergling x18  
  159  15:21  Mutalisk x4  
  151  15:25  Zergling x8  
  161  15:29  Overlord, Overseer x3  
  159  15:36  Baneling x6  
  159  15:37  Queen  
  159  15:38  Zergling x4  
  163  15:43  Zergling x10  
  163  15:44  Zergling x2  
  163  15:46  Baneling x5  
  169  15:55  Zergling x16  
  175  16:02  Zergling x14  
  174  16:05  Mutalisk  
  174  16:08  Drone x4  
  174  16:09  Drone  
  178  16:17  Mutalisk x4  
  174  16:22  Zergling x12  
  174  16:25  Mutalisk  
  170  16:30  Mutalisk x3  
  167  16:34  Zergling x4  
  167  16:37  Drone  
  164  16:40  Mutalisk x3  
  164  16:43  Zergling x4  
Tags
 
Add a new tag
Caveats
  • Supply blocks, unpowered buildings, or Contaminate may cause inaccurate times.
  • Supply counts are checked every 10 seconds.